 Dungeon Crawl Stone Soup version 0.28-a0-919-g0b5b508569 (webtiles) character file.

Game seed: 8043844300364375540

15002 timneilson the Protected (level 12, -10/73 HPs)
             Began as a Gargoyle Fighter on Nov 25, 2021.
             Was a High Priest of Okawaru.
             Constricted to death by Jorgrun (20 damage)
             ... on level 12 of the Dungeon.
             The game lasted 00:26:55 (11913 turns).

timneilson the Protected (Gargoyle Fighter)        Turns: 11913, Time: 00:26:56

Health: -10/73     AC: 34    Str: 24    XL:     12   Next: 22%
Magic:  10/16      EV:  7    Int: 10    God:    Okawaru [*****.]
Gold:   159        SH: 17    Dex:  9    Spells: 11/11 levels left

rFire   . . .      SeeInvis .   F - +4 double sword (vorpal)
rCold   + . .      Faith    .   n - +0 kite shield
rNeg    + . .      Spirit   .   x - +0 plate armour
rPois   ∞          Reflect  +   i - +1 helmet
rElec   +          Harm     .   (no cloak)
rCorr   .          Rampage  .   (no gloves)
Will    .....                   h - +0 pair of boots
Stlth   ..........              y - amulet of reflection
HPRegen 0.22/turn               o - ring of protection from cold
MPRegen 0.15/turn               q - +4 ring of protection

@: heroic, finesse-ful, grasped by roots, hasted, constricted, very quick
A: sickness immunity, AC +8, negative energy resistance 1, electricity
resistance, torment resistance 1, petrification resistance
a: Renounce Religion, Heroism, Finesse, Duel


You were on level 12 of the Dungeon.
You worshipped Okawaru.
Okawaru was extremely pleased with you.
You visited 2 branches of the dungeon, and saw 13 of its levels.

You collected 705 gold pieces.
You spent 546 gold pieces at shops.

Inventory:

Hand Weapons
 a - a +0 long sword
 d - a +1 spectral scimitar
 F - a +4 vorpal double sword (weapon)
 G - a +0 scimitar of flaming
Armour
 h - a +0 pair of boots (worn)
 i - a +1 helmet (worn)
 n - a +0 kite shield (worn)
 x - a +0 plate armour (worn)
Jewellery
 c - a ring of flight
 o - a ring of protection from cold (left hand)
 q - a +4 ring of protection (right hand)
 v - a ring of protection from fire
 y - an amulet of reflection (around neck)
Wands
 m - a wand of mindburst (17)
 w - a wand of flame (15)
 B - a wand of paralysis (7)
 H - a wand of iceblast (5)
Scrolls
 g - 2 scrolls of enchant armour
 j - a scroll of blinking
 l - 4 scrolls of teleportation
 C - a scroll of fear {unknown}
 D - 2 scrolls of amnesia
 E - a scroll of enchant weapon
 J - a scroll of identify
Potions
 b - a potion of resistance
 e - 4 potions of curing
 f - a potion of flight
 k - 2 potions of ambrosia
 p - 2 potions of brilliance
 r - a potion of attraction
 s - 2 potions of invisibility
 t - a potion of might
 u - 5 potions of lignification
 z - a potion of haste
 I - a potion of magic


   Skills:
 + Level 7.9(12.9) Fighting
 * Level 8.9(13.9) Long Blades
 * Level 10.8(15.8) Armour
 + Level 5.3(10.3) Dodging
 * Level 10.8(15.8) Shields
 + Level 5.4 Invocations
 + Level 2.7 Evocations


You had 11 spell levels left.
You didn't know any spells.
Your spell library contained the following spells:

 Spells                   Type           Power      Damage    Failure   Level
 Apportation              Tloc           0%         N/A       96%         1
 Blink                    Tloc           0%         N/A       99%         2
 Corpse Rot               Necr/Air       0%         N/A       99%         2
 Wereblood                Tmut           0%         N/A       99%         2
 Ozocubu's Armour         Ice            0%         N/A       100%        3
 Dispel Undead            Necr           0%         3d6       100%        4
 Passage of Golubria      Tloc           0%         N/A       100%        4
 Manifold Assault         Tloc           0%         N/A       100%        5
 Yara's Violent Unravell  Hex/Tmut       0%         3d3       100%        5
 Ozocubu's Refrigeration  Ice            0%         4d5       100%        7
 Storm Form               Tmut/Air       0%         N/A       100%        7
 Animate Skeleton         Necr           Unusable   N/A       N/A         1
 Summon Small Mammal      Summ           Unusable   N/A       N/A         1
 Sublimation of Blood     Necr           Unusable   N/A       N/A         2
 Tukima's Dance           Hex            Unusable   N/A       N/A         3
 Death Channel            Necr           Unusable   N/A       N/A         6
 Summon Hydra             Summ           Unusable   N/A       N/A         7

Dungeon Overview and Level Annotations

Branches:
Dungeon (12/15)            Temple (1/1) D:6            Lair (0/6) D:9
    Orc (0/2) D:10

Altars:
Ashenzari
Cheibriados
Dithmenos
Elyvilon
Fedhas
Gozag
Hepliaklqana
Kikubaaqudgha
Makhleb
Nemelex Xobeh
Okawaru
Qazlal
Ru
Sif Muna
Trog
Uskayaw
Vehumet
Wu Jian
Xom
Yredelemnul
Zin
The Shining One

Shops:
D:3 :   D:7 [   D:9 *

Annotations:
D:9 3 runed translucent doors, pokeman's ghost, journeyman DEWz
D:12 Jorgrun


Innate Abilities, Weirdness & Mutations

You are immune to sickness and miasma.
Your stone body is resilient. (AC +8)
You are immune to poison.
You resist negative energy. (rN+)
You are resistant to electric shocks. (rElec)
You are resistant to unholy torment.
You are immune to petrification.


Message History

Jorgrun is heavily wounded.
The troll bites you but does no damage. The troll claws you but does no damage.
You block the troll's attack.
You feel much better.
The gargoyle hurls a stone arrow at you.
The stone arrow misses you. Jorgrun hits you but does no damage.
You block the troll's attack. The troll closely misses you.
The troll barely misses you.
You feel yourself speed up. You block the gargoyle's attack.
Jorgrun gestures at you while chanting.
Roots burst forth from the earth!
The grasping roots grab you! The grasping roots constrict you.
You block the troll's attack. x2
The troll claws you.
You miss Jorgrun.
Jorgrun is heavily wounded.
You block the gargoyle's attack. You block Jorgrun's attack.
The grasping roots constrict you!
You hit Jorgrun.
Jorgrun is heavily wounded.
You block the troll's attack. x2; The troll claws you.
Your plate armour prevents you from hitting Jorgrun.
Jorgrun is heavily wounded.
The gargoyle hurls a stone arrow at you.
The stone arrow reflects off an invisible shield around you!
The stone arrow hits the gargoyle!
You block Jorgrun's attack. The grasping roots constrict you!!
* * * LOW HITPOINT WARNING * * *
You hit Jorgrun.
Jorgrun is severely wounded.
You slice Jorgrun!!
Jorgrun is almost dead.
You block the troll's attack. The troll claws you!
* * * LOW HITPOINT WARNING * * *
You block the troll's attack.
The gargoyle hits you but does no damage.
You closely miss Jorgrun.
Jorgrun is almost dead.
You block Jorgrun's attack. The grasping roots constrict you!!
You die...

#......# #........#......#
#....../.#......#
#...............#
#...........##..#
#...............#
#........#...............#
#....#...#.....g.......(.#
#....#...#.....@.........#
#....#...#....9T.......))#
##........#...........###.#
..........#........#......#
..........#........#.....>#
..........#........'...##.#
#..(###...#........#...##.#
#...# #...##'#######...##.#
#...# #................##.#


You could see Jorgrun, a troll and a gargoyle.

Vanquished Creatures
  Harold (D:10)
  A boulder beetle (D:9)
  Erica (D:11)
  4 two-headed ogres
  Urug (D:11)
  Sonja (D:11)
  2 cyclopes
  A manticore (D:11)
  Maggie (D:7)
  A kobold demonologist (D:8)
  A hornet (D:8)
  2 wraiths
  8 yaks
  Menkaure (D:5)
  2 water moccasins
  2 ice beasts
  2 sky beasts
  3 black bears
  2 necrophages (D:4)
  3 orc warriors
  8 centaurs
  6 ogres
  3 phantoms
  10 kobold brigands
  3 bullfrogs
  2 scorpions
  4 wights (D:7)
  4 howler monkeys
  2 bullfrog zombies (D:5)
  A jelly (D:6)
  A hound (D:6)
  9 centaur zombies
  7 orc priests
  6 iguanas
  9 orc wizards
  2 hound skeletons (D:5)
  A howler monkey zombie (D:9)
  3 gnolls
  8 adders
  2 howler monkey skeletons (D:7)
  2 ufetubi
  A worm (D:4)
  A dart slug (D:1)
  34 orcs
  8 ball pythons
  7 bats
  6 endoplasms
  5 giant cockroaches
  13 hobgoblins
  4 jackals
  2 quokkas
  5 frilled lizards
  2 goblins
  9 kobolds
  4 rats
  A spectral orc (D:8)
235 creatures vanquished.

Vanquished Creatures (others)
  An orc wizard (D:10)
1 creature vanquished.

Grand Total: 236 creatures vanquished

Notes
Turn   | Place    | Note
-------+----------+-------------------------------------------
     0 | D:1      | timneilson the Gargoyle Fighter began the quest for the
                  | Orb.
     0 | D:1      | Reached XP level 1. HP: 14/14 MP: 1/1
   265 | D:1      | Reached XP level 2. HP: 19/19 MP: 2/2
   756 | D:1      | Reached XP level 3. HP: 18/23 MP: 3/3
  1266 | D:2      | Reached XP level 4. HP: 28/28 MP: 4/4
  1483 | D:2      | Found a basalt altar of Yredelemnul.
  2085 | D:3      | Found Erheebur's Book Shop.
  2393 | D:3      | Reached XP level 5. HP: 31/33 MP: 5/5
  2538 | D:3      | Found a faded altar of an unknown god.
  2866 | D:4      | Noticed a necrophage
  2915 | D:4      | Killed a necrophage
  2916 | D:4      | Reached skill level 1 in Dodging
  2916 | D:4      | Reached XP level 6. HP: 22/38 MP: 6/6
  3606 | D:4      | Noticed a necrophage
  3616 | D:4      | Reached skill level 5 in Armour
  3668 | D:4      | Killed a necrophage
  3669 | D:4      | Reached skill level 5 in Shields
  3669 | D:4      | Reached XP level 7. HP: 34/43 MP: 7/7
  3929 | D:5      | Entered Level 5 of the Dungeon
  4518 | D:5      | Reached XP level 8. HP: 43/48 MP: 8/8
  4564 | D:5      | Reached skill level 5 in Fighting
  4726 | D:5      | Reached skill level 5 in Long Blades
  5150 | D:5      | Noticed Menkaure
  5162 | D:5      | Killed Menkaure
  5163 | D:5      | Reached XP level 9. HP: 46/54 MP: 7/9
  5387 | D:6      | Found a sparkling altar of Nemelex Xobeh.
  5388 | D:6      | Found a snail-covered altar of Cheibriados.
  5606 | D:6      | Found a staircase to the Ecumenical Temple.
  5615 | Temple   | Entered the Ecumenical Temple
  5629 | Temple   | Became a worshipper of Warmaster Okawaru
  5830 | D:6      | Found a shimmering blue altar of Sif Muna.
  6406 | D:6      | Reached skill level 1 in Invocations
  6501 | D:7      | Found Coarghoi's Antique Armour Boutique.
  6686 | D:7      | Noticed Maggie
  6719 | D:7      | Killed Maggie
  6719 | D:7      | Reached * piety under Okawaru
  7342 | D:8      | Found a shadowy altar of Dithmenos.
  7444 | D:8      | Reached XP level 10. HP: 41/60 MP: 6/11
  7458 | D:8      | Reached ** piety under Okawaru
  7684 | D:8      | Found a white marble altar of Elyvilon.
  7861 | D:8      | Noticed a kobold demonologist
  7879 | D:8      | Killed a kobold demonologist
  8010 | D:8      | Found a hazy altar of Hepliaklqana.
  8118 | D:8      | Found a basalt altar of Yredelemnul.
  8262 | D:9      | Noticed pokeman's ghost (journeyman DEWz)
  8287 | D:9      | Found a runed translucent gate.
  8287 | D:9      | Found a runed translucent gate.
  8287 | D:9      | Found a runed translucent gate.
  8369 | D:9      | Reached *** piety under Okawaru
  8372 | D:9      | Noticed a boulder beetle
  9059 | D:9      | Killed a boulder beetle
  9177 | D:9      | Found Kihilebb's General Store.
  9182 | D:9      | Bought a potion of might for 56 gold pieces
  9182 | D:9      | Bought an amulet of reflection for 420 gold pieces
  9182 | D:9      | Bought a scroll of identify for 28 gold pieces
  9182 | D:9      | Bought a scroll of teleportation for 42 gold pieces
  9222 | D:9      | Found a staircase to the Lair.
  9244 | D:9      | Noticed a two-headed ogre
  9249 | D:9      | Killed a two-headed ogre
  9249 | D:9      | Reached **** piety under Okawaru
  9250 | D:9      | Reached XP level 11. HP: 58/67 MP: 10/13
  9420 | D:10     | Entered Level 10 of the Dungeon
  9441 | D:10     | Noticed Harold
  9463 | D:10     | Killed Harold
  9473 | D:10     | Reached skill level 1 in Evocations
  9900 | D:10     | Found a staircase to the Orcish Mines.
 10064 | D:10     | Reached ***** piety under Okawaru
 10248 | D:10     | Found a blossoming altar of Fedhas.
 10470 | D:11     | Reached skill level 10 in Armour
 10470 | D:11     | Reached skill level 10 in Shields
 10517 | D:11     | Noticed a cyclops
 10524 | D:11     | Killed a cyclops
 10589 | D:11     | Noticed a manticore
 10598 | D:11     | Killed a manticore
 10872 | D:11     | Noticed a two-headed ogre
 10879 | D:11     | Killed a two-headed ogre
 10879 | D:11     | Received a gift from Okawaru
 10880 | D:11     | Reached skill level 5 in Dodging
 10986 | D:11     | Noticed a two-headed ogre
 10995 | D:11     | Killed a two-headed ogre
 10996 | D:11     | Reached skill level 5 in Invocations
 11042 | D:11     | Noticed Erica
 11051 | D:11     | Killed Erica
 11222 | D:11     | Noticed Urug
 11234 | D:11     | Killed Urug
 11235 | D:11     | Reached XP level 12. HP: 59/73 MP: 13/15
 11329 | D:11     | Noticed Sonja
 11338 | D:11     | Killed Sonja
 11480 | D:12     | Found a broken altar of Ashenzari.
 11526 | D:12     | Noticed a two-headed ogre
 11534 | D:12     | Killed a two-headed ogre
 11872 | D:12     | Noticed Jorgrun
 11913 | D:12     | Constricted to death by Jorgrun

Illustrated notes

Levels and vault maps discovered:
D:1:      dpeg_arrival_short_road, layout_basic
D:2:      minmay_general_purpose_star, layout_rooms, basic_altar
D:3:      minmay_evil_eye, layout_basic, serial_shops, shop_coins,
          dreamdust_ecumenical_altar_angels_and_demons
D:4:      layout_cave_pools, dk_vineyard_3
D:5:      minmay_diamond_boxcup, layout_loops_ring, kennysheep_generic_room_14,
          uniq_menkaure
D:6:      layout_loops_ring, mainiacjoe_overflow_large_starburst,
          lemuel_blue_sif_altar, minmay_temple_entry_poolview, solitary_fountain
D:7:      layout_rooms, serial_shops, nicolae_lakefront_shop, uniq_maggie
D:8:      layout_basic, yredelemnul_forgotten_temple_becter,
          nzn_hepliaklqana_mist_gate, elyvilon_altar_4,
          mainiacjoe_overflow_cross_hatched, special_room [special_room_kobold]
D:9:      layout_gridville, lair_entry_dummy, serial_shops,
          kennysheep_little_box, gammafunk_ghost_icy
D:10:     layout_roguey, fedhas_altar_1, orc_0_dummy, uniq_harold
D:11:     layout_roguey, minmay_splitting_lines, uniq_urug, uniq_erica,
          uniq_sonja
D:12:     layout_stronghold, evilmike_ruin_ashenzari, uniq_snorg, uniq_jorgrun
Temple:   eino_temple_lava

Skill      XL: |  1  2  3  4  5  6  7  8  9 10 11 |
---------------+----------------------------------+-----
Long Blades    | 2 3 4 5 6 7 8 |  8.9
Armour         | 4 5 6 8 9 10 | 10.8
Shields        | 4 5 6 8 9 10 | 10.8
Dodging        | 1 2 3 4 5 |  5.3
Fighting       | 4 5 6 7 |  7.9
Invocations    | 2 3 5 |  5.4
Evocations     | 2 |  2.7

Action                   |  1- 3 |  4- 6 |  7- 9 | 10-12 || total
-------------------------+-------+-------+-------+-------++-------
Melee: Long sword        |   112 |   229 |    89 |       ||   430
       Scimitar          |       |       |   297 |   279 ||   576
       Double sword      |       |       |       |    76 ||    76
Invok: Heroism           |       |       |       |    17 ||    17
       Finesse           |       |       |       |     1 ||     1
  Use: Scroll            |     2 |     2 |     9 |     9 ||    22
       Potion            |       |       |     1 |     3 ||     4
 Stab: Distracted        |       |       |       |     1 ||     1
Armor: Scale mail        |    74 |   129 |       |       ||   203
       Chain mail        |       |       |   220 |    76 ||   296
       Plate armour      |       |       |       |   102 ||   102
Dodge: Dodged            |    58 |   117 |   145 |    95 ||   415
Block: Buckler           |    32 |    54 |    85 |     6 ||   177
       Kite shield       |       |       |       |   197 ||   197
       Reflection        |       |       |       |    19 ||    19

Table legend: (Time is in decaauts)
 A = Elapsed time spent in this place.
 B = Non-inter-level travel time spent in this place.
 C = Inter-level travel time spent in this place.
 D = Time resting spent in this place.
 E = Time spent auto-exploring this place.
 F = Levels seen in this place.
 G = Mean time per level.
                   A        B        C        D        E       F      G
               +--------+--------+--------+--------+--------+-----+--------+
         Total |  12042 |  11825 |    217 |    546 |   8591 |  13 |  926.3 |
       Dungeon |  11968 |  11760 |    208 |    546 |   8544 |  12 |  997.3 |
        Temple |     73 |     64 |      9 |      0 |     47 |   1 |   73.0 |
               +--------+--------+--------+--------+--------+-----+--------+

Top non-repeatable levels by time:
     D:4: 1391 daAuts
     D:9: 1363 daAuts
     D:5: 1163 daAuts
     D:6: 1103 daAuts
     D:3: 1078 daAuts
     D:1: 1046 daAuts
    D:11: 960 daAuts
    D:10: 902 daAuts
     D:8: 898 daAuts
     D:7: 885 daAuts
     D:2: 709 daAuts
    D:12: 466 daAuts
  Temple: 73 daAuts
